 Dungeon Crawl Stone Soup version 0.28.0 (webtiles) character file.

Game seed: 16999871570239005592

175 asishallab the Shield-Bearer (level 5, -1/45 HPs)
             Began as a Draconian Fighter on Feb 7, 2022.
             Succumbed to Crazy Yiuf's poison
             ... on level 3 of the Dungeon.
             The game lasted 00:05:29 (3159 turns).

asishallab the Shield-Bearer (Draconian Fighter)    Turns: 3159, Time: 00:05:30

Health: -1/45      AC:  6    Str: 20    XL:     5   Next: 29%
Magic:  7/7        EV: 12    Int:  8    God:
Gold:   107        SH:  4    Dex: 11    Spells: 7/7 levels left

rFire   . . .      SeeInvis .   a - +0 war axe
rCold   . . .      Faith    .   b - +0 buckler
rNeg    . . .      Spirit   .   (armour unavailable)
rPois   .          Reflect  .   (helmet restricted)
rElec   .          Harm     .   (no cloak)
rCorr   .          Rampage  .   n - +0 pair of gloves
Will    .....                   (no boots)
Stlth   +.........              (no amulet)
HPRegen 0.15/turn               (no ring)
MPRegen 0.10/turn               (no ring)

@: lethally poisoned (-1 -> -10), hasted, very quick
A: AC +5, unfitting armour, cold-blooded
a: no special abilities


You were on level 3 of the Dungeon.
You visited 1 branch of the dungeon, and saw 3 of its levels.

You collected 107 gold pieces.

Inventory:

Hand Weapons
 a - a +0 war axe (weapon)
Missiles
 q - 3 poisoned darts (quivered)
Armour
 b - a +0 buckler (worn)
 j - an orb of light
 n - a +0 pair of gloves (worn)
Magical Staves
 d - a staff of poison
Scrolls
 e - 2 scrolls of teleportation {unknown}
 h - a scroll of silence {unknown}
 i - a scroll of holy word {unknown}
 m - a scroll of identify {unknown}
 o - 2 scrolls of blinking {unknown}
Potions
 c - a potion of might
 f - a potion of haste {unknown}
 g - 2 potions of heal wounds {unknown}
 k - a potion of magic {unknown}
 l - 2 potions of flight {unknown}
 p - a potion of mutation {unknown}
 r - a potion of degeneration {unknown}


   Skills:
 - Level 3.2 Fighting
 * Level 3.5 Axes
 + Level 3.2 Dodging
 * Level 4.2 Shields
 + Level 1.5 Spellcasting


You had 7 spell levels left.
You didn't know any spells.
Your spell library contained the following spells:

 Spells                   Type           Power      Damage    Failure   Level
 Conjure Flame            Conj/Fire      0%         6-21      82%         3
 Ignite Poison            Fire/Tmut/Pois 0%         N/A       82%         3
 Sticky Flame             Conj/Fire      0%         2d3       99%         4


Dungeon Overview and Level Annotations

Branches:
Dungeon (3/15)

Altars:

Annotations:
D:3 Crazy Yiuf


Innate Abilities, Weirdness & Mutations

Your plain brown scales are hard. (AC +5)
You cannot fit into any form of body armour.
You are cold-blooded and may be slowed by cold attacks.


Message History

Crazy Yiuf hits you with a +2 quarterstaff of chaos!
You feel yourself speed up.
You closely miss Crazy Yiuf.
Crazy Yiuf is lightly wounded.
You hit Crazy Yiuf.
Crazy Yiuf is moderately wounded.
Crazy Yiuf says, "Crazy?
Crazy!?
PORCUPINE!"
Crazy Yiuf hits you with a +2 quarterstaff of chaos.
You are poisoned.
You barely miss Crazy Yiuf.
You tail-slap Crazy Yiuf, but do no damage.
Crazy Yiuf is moderately wounded.
You feel sick.
Crazy Yiuf hits you with a +2 quarterstaff of chaos!
You are lethally poisoned!
You barely miss Crazy Yiuf.
Crazy Yiuf is moderately wounded.
You feel very sick.
Crazy Yiuf sings, "Trees, trees, trees, circus!"
Crazy Yiuf hits you but does no damage.
You completely miss Crazy Yiuf.
Crazy Yiuf is moderately wounded.
You feel very sick.
Crazy Yiuf says, "Spliff stair shrimp!"
Crazy Yiuf barely misses you.
You hit Crazy Yiuf.
You tail-slap Crazy Yiuf, but do no damage.
Crazy Yiuf is moderately wounded.
* * * LOW HITPOINT WARNING * * *
You feel very sick. Crazy Yiuf closely misses you.
You hit Crazy Yiuf but do no damage. You tail-slap Crazy Yiuf.
Crazy Yiuf is heavily wounded.
* * * LOW HITPOINT WARNING * * *
You feel very sick.
Crazy Yiuf hits you with a +2 quarterstaff of chaos!
* * * LOW HITPOINT WARNING * * *
You slash Crazy Yiuf! You tail-slap Crazy Yiuf.
Crazy Yiuf is almost dead.
You die...

#....#
#...#.# #..
#....#
#.#.#.######
#....#
#.#......# #
##...#
#.#.<..#.# #
##.##
###....#.# #
##.#
#......#.# #
#.##
####...#.#
##.#
#...#..#.#
#@##
###.####.#
#g# #......#
... #..#####
#...# ##..#
#)..# #...#
##### #...#
##.## #.#
#.#


You could see Crazy Yiuf.

Vanquished Creatures
  A scorpion (D:3)
  Jessica (D:2)
  4 adders
  2 dart slugs
  7 bats
  8 endoplasms
  A giant cockroach (D:2)
  4 goblins
  3 hobgoblins
  6 kobolds
  A quokka (D:2)
  4 ball pythons
  5 frilled lizards
  10 rats
57 creatures vanquished.

Notes
Turn   | Place    | Note
-------+----------+-------------------------------------------
     0 | D:1      | asishallab the Draconian Fighter began the quest for the
                  | Orb.
     0 | D:1      | Reached XP level 1. HP: 19/19 MP: 1/1
    79 | D:1      | Reached XP level 2. HP: 20/26 MP: 2/2
   787 | D:1      | Found a faded altar of an unknown god.
   901 | D:1      | Reached XP level 3. HP: 31/31 MP: 2/4
  1457 | D:2      | Reached skill level 1 in Spellcasting
  1508 | D:2      | Noticed Jessica
  1511 | D:2      | Killed Jessica
  1512 | D:2      | Reached XP level 4. HP: 38/38 MP: 5/5
  1818 | D:2      | Reached skill level 4 in Shields
  2046 | D:3      | Noticed a scorpion
  2054 | D:3      | Killed a scorpion
  2055 | D:3      | Reached XP level 5. HP: 17/45 MP: 5/7
  2771 | D:3      | Found a runed translucent door.
  2772 | D:3      | Noticed Crazy Yiuf
  3158 | D:3      | HP: 1/45 [Crazy Yiuf (8)]
  3159 | D:3      | Succumbed to Crazy Yiuf's poison

Illustrated notes

Levels and vault maps discovered:
D:1:      onia_arrival_handbag, layout_loops_ring,
          ebering_ecumenical_altar_sacrificial, minmay_misc_feat_five
D:2:      layout_rooms, uniq_jessica
D:3:      layout_basic, uniq_crazy_yiuf_cottage

Skill      XL: |  1  2  3  4 |
---------------+-------------+-----
Dodging        | 3 |  3.2
Spellcasting   | 1 |  1.5
Axes           | 3 |  3.5
Shields        | 4 |  4.2
Fighting       | |  3.2

Action                   |  1- 3 |  4- 6 || total
-------------------------+-------+-------++-------
Melee: War axe           |    93 |    49 ||   142
       Tailslap          |     6 |    10 ||    16
Throw: Dart              |       |     3 ||     3
 Stab: Sleeping          |     2 |     1 ||     3
Armor: Skin              |    22 |    17 ||    39
Dodge: Dodged            |    55 |    22 ||    77
Block: Buckler           |    24 |     4 ||    28
